AoeStats
← Goku_San

Arena

510266952Analyzed
4v4 RM · 2d ago on Sep 30, 2026· 43m 53s· 8 players
Game mode
Random Map
Map size
Large (8 player)
Population
200
Speed
Normal
Resources
Standard
Victory
Conquest
Starting age
Dark Age
Ending age
Imperial Age
RankedLock teamsTeams togetherTeam positionsShared explorationLock speedFull tech treeHidden civsTurbo modeCheats
Victory
Defeat
🇨🇳 Persians · China
1347
+12
🇺🇸 Varangians · United States
1326
+13
🇩🇪 Italians · Germany
1290
+14
🇭🇰 Poles · Hong Kong SAR China
1269
+15
🇮🇱 Cumans · Israel
1311
-17
🇻🇳 Mongols · Vietnam
1267
-14
🇳🇿 Japanese · New Zealand
1226
-12
🇨🇳 Goths · China
1191
-11
BlueIce
10:06 Feudal Age
10:06 Loom
14:13 Castle Age
13:06 Double-Bit Axe
14:10 Horse Collar
15:24 Bow Saw
23:04 Loom
25:11 Gold Mining
25:12 Stone Mining
29:49 Wheelbarrow
31:50 Imperial Age
30:53 Squires
30:39 Gambesons
30:56 Scale Mail Armor
31:07 Forging
31:23 Arson
31:55 Chain Mail Armor
32:07 Heavy Plow
32:12 Elite Varangian Guard
33:54 Iron Casting
35:18 Wheelbarrow
38:20 Gothikon
41:08 Plate Mail Armor
41:39 Blast Furnace
43:18 Man-at-Arms
44:46 Crop Rotation
Finn4n
10:35 Feudal Age
14:11 Castle Age
12:30 Double-Bit Axe
12:27 Horse Collar
17:53 Bow Saw
18:30 Loom
18:51 Stone Mining
21:17 Gold Mining
23:46 Stone Shaft Mining
23:46 Heavy Plow
26:13 Loom
27:04 Wheelbarrow
27:52 Fletching
28:32 Hand Cart
28:02 Town Watch
32:53 Imperial Age
30:31 Padded Archer Armor
30:57 Bodkin Arrow
31:37 Ballistics
31:02 Treadmill Crane
32:35 Leather Archer Armor
32:28 Thumb Ring
32:51 Town Patrol
33:17 Fortified Wall
34:13 Hoardings
33:54 Masonry
34:45 Chemistry
34:28 Bracer
34:59 Ring Archer Armor
34:33 Elite Genoese Crossbowman
39:12 Pirotechnia
40:52 Architecture
40:17 Murder Holes
43:28 Bombard Tower
祈求好运
9:41 Feudal Age
15:58 Castle Age
14:18 Double-Bit Axe
15:14 Bloodlines
17:58 Husbandry
20:50 Wheelbarrow
22:36 Horse Collar
23:58 Bow Saw
24:45 Heavy Plow
27:21 Hand Cart
26:54 Loom
31:45 Imperial Age
29:31 Gold Mining
29:53 Forging
29:48 Scale Barding Armor
31:16 Iron Casting
31:18 Gold Shaft Mining
31:43 Chain Barding Armor
31:25 Cavalier
33:37 Blast Furnace
32:58 Conscription
32:50 Savar
34:22 Crop Rotation
35:23 Plate Barding Armor
36:53 Two-Man Saw
36:22 Fletching
37:08 Town Watch
38:02 Bodkin Arrow
38:33 Ballistics
38:23 Masonry
38:12 Murder Holes
39:18 Chemistry
41:20 Coinage
adam
10:50 Feudal Age
14:31 Castle Age
13:03 Double-Bit Axe
13:48 Horse Collar
16:43 Bow Saw
22:28 Heavy Plow
23:31 Szlachta Privileges
25:41 Wheelbarrow
24:57 Loom
25:14 Gold Mining
26:02 Scale Barding Armor
26:08 Forging
26:44 Bloodlines
26:38 Husbandry
31:27 Imperial Age
29:54 Hand Cart
30:58 Town Watch
32:40 Crop Rotation
31:33 Cavalier
33:00 Iron Casting
32:37 Stone Mining
34:00 Coinage
33:51 Chain Barding Armor
34:23 Conscription
35:31 Capped Ram
38:28 Blast Furnace
38:02 Banking
38:03 Siege Ram
40:32 Fletching
Goku_San
7:00 Loom
9:20 Feudal Age
9:49 Double-Bit Axe
10:37 Horse Collar
12:49 Wheelbarrow
19:03 Castle Age
18:32 Scale Barding Armor
19:34 Bloodlines
24:47 Bow Saw
24:54 Heavy Plow
25:43 Chain Barding Armor
26:07 Forging
rower56
1:01 Loom
14:35 Feudal Age
15:13 Horse Collar
15:23 Double-Bit Axe
18:53 Castle Age
17:09 Gold Mining
18:24 Stone Mining
20:26 Bow Saw
20:48 Heavy Plow
21:22 Fervor
21:20 Scale Mail Armor
22:48 Squires
27:18 Wheelbarrow
29:42 Imperial Age
27:19 Pikeman
30:21 Hand Cart
32:04 Chemistry
32:09 Chain Mail Armor
32:05 Forging
32:31 Conscription
33:28 Crop Rotation
34:01 Two-Man Saw
33:03 Perfusion
34:26 Man-at-Arms
35:06 Halberdier
35:19 Long Swordsman
36:02 Two-Handed Swordsman
37:20 Iron Casting
36:36 Fletching
39:02 Champion
42:38 Bodkin Arrow
43:48 Blast Furnace
EzPz BRO
10:50 Feudal Age
15:15 Castle Age
13:14 Double-Bit Axe
14:24 Horse Collar
15:21 Loom
19:09 Gold Mining
20:44 Bow Saw
22:35 Wheelbarrow
22:52 Pikeman
23:32 Squires
25:08 Stone Mining
29:09 Imperial Age
29:49 Scale Mail Armor
30:00 Forging
29:21 Capped Ram
31:12 Gold Shaft Mining
31:11 Conscription
31:46 Chain Mail Armor
32:06 Iron Casting
31:57 Halberdier
33:32 Redemption
35:32 Plate Mail Armor
36:32 Blast Furnace
35:59 Elite Skirmisher
Kaka
9:25 Feudal Age
14:20 Castle Age
12:41 Stone Mining
13:24 Horse Collar
17:46 Loom
18:44 Double-Bit Axe
20:35 Fletching
21:49 Wheelbarrow
21:24 Gold Mining
21:32 Town Watch
22:51 Bow Saw
24:53 Hand Cart
29:23 Gold Shaft Mining
28:51 Padded Archer Armor
31:44 Imperial Age
30:03 Bodkin Arrow
30:20 Bloodlines
30:53 Husbandry
31:10 Leather Archer Armor
31:57 Town Patrol
33:33 Stone Shaft Mining
33:00 Bracer
33:02 Capped Ram
35:12 Ballistics
37:41 Chemistry
38:20 Conscription
38:18 Elite Mangudai
40:24 Murder Holes
Connection lost

Rejoining the realm…

Still unreachable

The connection could not be restored.

Session expired

The server has moved on; the page needs a fresh start.